 Dungeon Crawl Stone Soup version 0.26-a0-651-gb41185065b (webtiles) character file.

Game seed: 925869451242036177

339 sahdkjhfkaj the Shield-Bearer (level 6, 0/43 HPs)
             Began as an Octopode Fighter on Sept 29, 2020.
             Slain by an ogre
             ... wielding a +0 giant spiked club
              (31 damage)
             ... on level 4 of the Dungeon.
             The game lasted 00:06:22 (3316 turns).

sahdkjhfkaj the Shield-Bearer (Octopode Fighter)    Turns: 3316, Time: 00:06:23

Health: 0/43       AC:  1    Str: 17    XL:     6   Next: 55%
Magic:  6/6        EV: 12    Int: 10    God:
Gold:   183        SH:  9    Dex: 12    Spells: 5/5 levels left

rFire    . . .     SeeInvis +   a - +0 trident
rCold    . . .     Faith    .   b - +0 kite shield
rNeg     . . .     Spirit   .   (helmet restricted)
rPois    .         Reflect  .   (no amulet)
rElec    .         Harm     .   l - ring of see invisible
rCorr    .         Rampage  .   (no ring)
MR       .....                  (no ring)
Stlth    ++........             (no ring)
HPRegen  0.14/turn              (no ring)
MPRegen  0.10/turn              (no ring)
                                (no ring)
                                (no ring)

@: no status effects
A: almost no armour, stealthy swim, amphibious, 8 rings, constrict 8, camouflage
1, gelatinous body 1
a: no special abilities


You were on level 4 of the Dungeon.
You visited 1 branch of the dungeon, and saw 4 of its levels.

You collected 183 gold pieces.

Inventory:

Hand Weapons
 a - a +0 trident (weapon)
Armour
 b - a +0 kite shield (worn)
Jewellery
 l - a ring of see invisible (left tentacle)
Scrolls
 d - a scroll of teleportation {unknown}
 f - a scroll of random uselessness {unknown}
 h - a scroll of enchant weapon {unknown}
 i - 2 scrolls of remove curse {unknown}
 j - a scroll of enchant armour {unknown}
Potions
 c - 2 potions of brilliance {unknown}
 e - 2 potions of curing
 k - a potion of stabbing {unknown}


   Skills:
 + Level 3.9 Fighting
 * Level 4.1 Polearms
 + Level 3.9 Dodging
 * Level 4.8 Shields


You had 5 spell levels left.
You didn't know any spells.
Your spell library was empty.

Dungeon Overview and Level Annotations

Branches:
Dungeon (4/15)
 Temple: D:4-7

Altars:
Okawaru
Xom

Annotations:
D:3 exclusion: 2 doors


Innate Abilities, Weirdness & Mutations

You cannot wear most types of armour.
You are very stealthy in the water. (Stealth+)
You are amphibious.
You can wear up to eight rings at the same time.
You can use your tentacles to constrict eight enemies at once.
Your skin changes colour to match your surroundings (Stealth+).
Your rubbery body absorbs attacks. (AC +1, EV +1)


Message History

There is a stone staircase leading up here.
An ogre comes into view. It is wielding a +0 giant spiked club.
Found a robe.
The ogre shouts!
You hit the ogre.
The ogre is lightly wounded.
The ogre barely misses you.
You hit the ogre.
The ogre is moderately wounded.
You hit the ogre.
The ogre is moderately wounded.
The ogre hits you with a +0 giant spiked club!
You puncture the ogre!
The ogre is almost dead.
The ogre misses you.
You hit the ogre.
The ogre is almost dead.
The ogre hits you with a +0 giant spiked club!!
Ouch! That really hurt!
You die...

#.##.........#
....)......#
##.........#
#..<.......#
#..........##
##..#.......[#
#........!...#
#.#.#........#
#...#...@....#
#.[.#...O....#
#..>#........#
#. #........#
#######.## .#
.#


You could see an ogre.

Vanquished Creatures
  Sigmund (D:3)
  5 gnolls
  5 adders (D:3)
  3 worms
  A dart slug (D:1)
  2 leopard geckos
  9 orcs (D:3)
  2 giant cockroaches (D:1)
  7 hobgoblins
  5 bats
  2 frilled lizards
  8 goblins
  13 kobolds
  6 rats
  A bush (D:1)
70 creatures vanquished.

Vanquished Creatures (others)
  4 plants (D:1)
4 creatures vanquished.

Grand Total: 74 creatures vanquished

Notes
Turn   | Place    | Note
-------+----------+-------------------------------------------
     0 | D:1      | sahdkjhfkaj the Octopode Fighter began the quest for the
                  | Orb.
     0 | D:1      | Reached XP level 1. HP: 16/16 MP: 1/1
   302 | D:1      | Reached XP level 2. HP: 21/21 MP: 2/2
   727 | D:2      | Reached XP level 3. HP: 26/26 MP: 3/3
  1897 | D:2      | Reached XP level 4. HP: 24/31 MP: 4/4
  2501 | D:3      | Reached XP level 5. HP: 36/36 MP: 5/5
  2537 | D:3      | Found a shimmering altar of Xom.
  2537 | D:3      | Noticed a black bear
  2578 | D:3      | Noticed Sigmund
  2597 | D:3      | Killed Sigmund
  2597 | D:3      | Reached XP level 6. HP: 43/43 MP: 6/6
  2920 | D:3      | Found a faded altar of an unknown god.
  3078 | D:3      | Found an iron altar of Okawaru.
  3316 | D:4      | Slain by an ogre

Illustrated notes

Levels and vault maps discovered:
D:1:      lightli_arrival_boilingwater, layout_basic, serial_forest,
          infiniplex_forest_3_way, infiniplex_forest_end_double,
          infiniplex_forest_straight_3, infiniplex_forest_lined_room_2,
          infiniplex_forest_diagonal, infiniplex_forest_end_2,
          infiniplex_forest_clump_curved, infiniplex_forest_clump_curved
D:2:      layout_loops_ring, minmay_misc_feat_five
D:3:      layout_loops_ring, regret_index_temple_of_mockery,
          okawaru_altar_gauntlet_db, chequers_ecumenical_altar_grove,
          minmay_close_crescents, uniq_sigmund
D:4:      layout_basic, minitemple, interstate_on_off, grunt_qazlal_sundering

Skill      XL: |  1  2  3  4  5 |
---------------+----------------+-----
Polearms       | 3 4 |  4.1
Shields        | 4 |  4.8
Fighting       | |  3.9
Dodging        | |  3.9

Action                   |  1- 3 |  4- 6 || total
-------------------------+-------+-------++-------
Melee: Trident           |   170 |    96 ||   266
       Tentacles         |    41 |    10 ||    51
       Constrict         |    22 |    18 ||    40
  Use: Scroll            |       |     2 ||     2
       Potion            |       |     2 ||     2
 Stab: Sleeping          |     7 |     5 ||    12
Armor: Skin              |     6 |     1 ||     7
Dodge: Dodged            |    19 |    33 ||    52
Block: Kite shield       |    20 |    31 ||    51

Table legend: (Time is in decaauts)
 A = Elapsed time spent in this place.
 B = Non-inter-level travel time spent in this place.
 C = Inter-level travel time spent in this place.
 D = Time resting spent in this place.
 E = Time spent auto-exploring this place.
 F = Levels seen in this place.
 G = Mean time per level.
                   A        B        C        D        E       F      G
               +--------+--------+--------+--------+--------+-----+--------+
         Total |   3382 |   3264 |    118 |    691 |   1959 |   4 |  845.5 |
       Dungeon |   3382 |   3264 |    118 |    691 |   1959 |   4 |  845.5 |
               +--------+--------+--------+--------+--------+-----+--------+

Top non-repeatable levels by time:
     D:1: 1250 daAuts
     D:3: 1239 daAuts
     D:2: 882 daAuts
     D:4: 10 daAuts
